 Dungeon Crawl Stone Soup version 0.31.0-12-g77e489cdc1 (webtiles) character file.

Game seed: 8225867696591130084

305 boopmooplesden the Covered (level 6, -6/51 HPs)
             Began as an Armataur Fighter on Feb 12, 2024.
             Mangled by a goblin
             ... wielding a +1 dagger of electrocution
             ... led by Robin
              (12 damage)
             ... on level 3 of the Dungeon.
             The game lasted 00:02:53 (1762 turns).

boopmooplesden the Covered (Armataur Fighter)       Turns: 1762, Time: 00:02:55

Health: -6/51      AC:  7    Str: 22    XL:     6   Next: 15%
Magic:  6/6        EV:  7    Int:  8    God:
Gold:   136        SH:  4    Dex: 11    Spells: 5/5 levels left

rFire   . . .        a - +1 long sword
rCold   . . .        c - +0 buckler
rNeg    . . .        b - +0 scale mail
rPois   .            f - +0 hat
rElec   .            (no cloak)
rCorr   .            (no gloves)
SInv    .            (no barding)
Will    .....        (no amulet) Stlth
                     (no ring)
HPRegen 0.28/turn    (no ring)
MPRegen 1.42/turn

%: random rage (3%), roll
@: on berserk cooldown, slowed, very slow
A: large, deformed body, tough skin 3, armoured tail, roll 1, berserk 1
a: no special abilities


You were on level 3 of the Dungeon.
You visited 1 branch of the dungeon, and saw 3 of its levels.

You collected 136 gold pieces.

Inventory:

Hand Weapons
 a - a +1 long sword (weapon)
 j - a +1 flail of holy wrath
Armour
 b - a +0 scale mail (worn)
 c - a +0 buckler (worn)
 f - a +0 hat (worn)
Scrolls
 e - a scroll of identify
 l - a scroll of silence
Potions
 g - a potion of heal wounds
 h - a potion of invisibility


   Skills:
 + Level 3.5 Fighting
 + Level 4.1 Long Blades
 + Level 4.8 Armour
 + Level 0.6 Dodging
 + Level 4.3 Shields


You had 5 spell levels left.
You didn't know any spells.
Your spell library was empty.

Dungeon Overview and Level Annotations

Branches:
Dungeon (3/15)

Altars:

Shops:
D:1 :   D:3 =

Annotations:
D:3 Jessica, Robin


Innate Abilities, Weirdness & Mutations

Armour fits poorly on your strangely shaped body.
You have extremely tough skin. (AC +3)
You have a long armoured tail.
You regenerate magic when rolling toward enemies. (Rampage MPRegen)
You sometimes lose your temper in combat.


Message History

The goblin no longer looks unusually strong.
Natasha claws you but does no damage.
You slash Natasha!
You kill Natasha!
Natasha growls in agony!
The goblin hits you but does no damage.
A goblin comes into view. It is wielding a +0 dagger of draining.
Your Long Blades skill increases to level 4!
Robin roars a battlecry!
The goblin goes into a battle-frenzy!
The goblin attacks as it pursues you! The goblin hits you but does no damage.
You feel a strong urge to attack something.
The goblin attacks as it pursues you! You block the goblin's attack.
You roll towards the goblin!
You closely miss the goblin.
You are no longer berserk.
You are exhausted.
You feel yourself slow down.
The goblin shouts!
You block the goblin's attack.
You closely miss the goblin. You tail-slap the goblin.
You kill the goblin!
Robin hits you but does no damage.
You slash Robin!
Robin is heavily wounded.
The hobgoblin no longer looks unusually strong.
The goblin no longer looks unusually strong.
Robin roars a battlecry!
The goblins go into a battle-frenzy!
The goblin hits you but does no damage.
You are electrocuted!!
* * * LOW HITPOINT WARNING * * *
You hear a shout!
Unknown command.
You slash Robin!
Robin is almost dead.
You hear a shout!
An orc comes into view. It is wielding a +0 falchion.
The goblin hits you with a +1 dagger of electrocution.
* * * LOW HITPOINT WARNING * * *
You are electrocuted!
You die...

######### .. ........# .#
........# .# ........# .#
........# .# ........# .#
.....g..##########.######
.....g.g.g..gggg@........
......[.########g########
........# #.# ........#
#.# ........# #.#
....∩...# #<. #########
#.. #o.


You could see Robin, an orc, 2 hobgoblins and 3 goblins.

Vanquished Creatures
  Sigmund (D:2)
  Terence (D:2)
  Natasha (D:3)
  2 gnolls (D:3)
  6 dart slugs (D:1)
  3 bats
  4 endoplasms
  A giant cockroach (D:2)
  9 goblins
  7 hobgoblins
  2 kobolds (D:2)
  2 quokkas
  10 ball pythons
  3 frilled lizards (D:1)
  4 rats
56 creatures vanquished.

Notes
Turn   | Place    | Note
-------+----------+-------------------------------------------
     0 | D:1      | boopmooplesden the Armataur Fighter began the quest for the
                  | Orb.
     0 | D:1      | Reached XP level 1. HP: 18/18 MP: 1/1
   126 | D:1      | Reached XP level 2. HP: 25/25 MP: 2/2
   308 | D:1      | Found Kypisch's Book Shop.
   318 | D:1      | Reached XP level 3. HP: 28/31 MP: 3/3
   712 | D:2      | Noticed Terence
   718 | D:2      | Killed Terence
   719 | D:2      | Reached XP level 4. HP: 21/38 MP: 4/4
   876 | D:2      | Noticed Sigmund
   882 | D:2      | Killed Sigmund
   883 | D:2      | Reached XP level 5. HP: 41/45 MP: 5/5
  1333 | D:2      | Gained mutation: You sometimes lose your temper in combat.
                  | [potion of mutation]
  1382 | D:3      | Reached XP level 6. HP: 16/51 MP: 6/6
  1382 | D:3      | Noticed Robin
  1385 | D:3      | Noticed Jessica
  1388 | D:2      | HP: 2/51 [goblin/+0 dagger[Robin] (2)]
  1712 | D:3      | Found Gotyheut's Jewellery Shop.
  1745 | D:3      | Noticed Natasha
  1755 | D:3      | Killed Natasha
  1762 | D:3      | Mangled by a goblin

Illustrated notes

Levels and vault maps discovered:
D:1:      sevenhm_arrival_forest_fort_large_2, layout_basic, serial_shops, shop,
          chequers_serial_rivers_marsh, serial_bayou_pond_b
D:2:      layout_loops_ring, uniq_terence, uniq_sigmund
D:3:      layout_basic, serial_shops, shop, nicolae_shop_drivethru,
          nicolae_shop_bloodbath_and_beyond, st_stairs_6, item_on_display_b,
          uniq_jessica, uniq_natasha, uniq_robin

Skill      XL: |  1  2  3  4  5  6 |
---------------+-------------------+-----
Armour         | 4 |  4.8
Fighting       | 3 |  3.5
Long Blades    | 2 3 4 |  4.1
Shields        | 4 |  4.3
Dodging        | |  0.6

Action                     |  1- 3 |  4- 6 || total
---------------------------+-------+-------++-------
  Melee: Long sword        |    81 |    64 ||   145
         Tailslap          |    10 |     6 ||    16
    Use: Scroll            |     4 |     3 ||     7
         Potion            |       |     2 ||     2
 Armour: Scale mail        |    79 |    55 ||   134
  Dodge: Dodged            |    43 |    21 ||    64
  Block: Buckler           |    28 |    15 ||    43
